 Dungeon Crawl Stone Soup version 0.24.0-1-gfbc8707 (webtiles) character file.

Game seed: 866147651427922426, levelgen mode: deterministic

104 Fang the Skirmisher (level 4, -3/43 HPs)
             Began as a Gargoyle Berserker on Oct 31, 2019.
             Was a Believer of Trog.
             Splashed by a goblin's acid (6 damage)
             ... on level 3 of the Dungeon.
             The game lasted 00:01:52 (2725 turns).

Fang the Skirmisher (Gargoyle Berserker)            Turns: 2725, Time: 00:01:52

Health: -3/43      AC:  1    Str: 26    XL:     4   Next: 80%
Magic:  4/4        EV: 12    Int:  8    God:    Trog [**....]
Gold:   85         SH:  0    Dex:  9    Spells: 3/3 levels left

rFire    . . .     SeeInvis .   a - +0 hand axe
rCold    . . .     Gourm    .   (no shield)
rNeg     + . .     Faith    .   b - +0 animal skin
rPois    ∞         Spirit   .   (no helmet)
rElec    +         Reflect  .   (no cloak)
rCorr    +         Harm     .   (no gloves)
MR       .....                  (no boots)
Stlth    ..........             (no amulet)
HPRegen  0.14/turn              n - ring of resist corrosion
MPRegen  0.09/turn              (no ring)

@: berserking, corroded, very quick
A: negative energy resistance 1, electricity resistance, unbreathing,
petrification resistance, rot immunity, AC +3
a: Berserk, Trog's Hand, Renounce Religion


You were on level 3 of the Dungeon.
You worshipped Trog.
Trog was pleased with you.
You were hungry.

You visited 1 branch of the dungeon, and saw 3 of its levels.

You collected 85 gold pieces.

Inventory:

Hand Weapons
 a - a +0 hand axe (weapon)
Armour
 b - a +0 animal skin (worn)
Jewellery
 n - a ring of resist corrosion (left hand)
 q - an uncursed ring of flight {unknown}
 t - an uncursed ring of protection from fire {unknown}
Wands
 v - a wand of enslavement (13)
Scrolls
 d - a scroll of random uselessness {unknown}
 e - 5 scrolls of identify {unknown}
 f - 3 scrolls of enchant weapon {unknown}
 g - 4 scrolls of teleportation {unknown}
 h - a scroll of amnesia {unknown}
 j - a scroll of immolation {unknown}
 k - a scroll of fog {unknown}
 p - 3 scrolls of remove curse {unknown}
Potions
 i - a potion of might
 l - a potion of magic {unknown}
 m - a potion of berserk rage {unknown}
 o - a potion of haste {unknown}
 r - a potion of ambrosia {unknown}
 s - a potion of curing {unknown}
 u - a potion of agility {unknown}
Comestibles
 c - 3 rations
 w - 3 chunks of flesh


   Skills:
 + Level 4.1 Fighting
 + Level 3.3 Axes
 + Level 3.3 Armour
 + Level 2.3 Dodging


You had 3 spell levels left.
You didn't know any spells.
Your spell library was empty.

Dungeon Overview and Level Annotations

Branches:
Dungeon (3/15)

Altars:


Innate Abilities, Weirdness & Mutations

You are resistant to torment.
Your stone body is resilient. (AC +3)
You are immune to poison.
You resist negative energy. (rN+)
You are resistant to electric shocks. (rElec)
You can survive without breathing.
You are immune to petrification.
You are immune to rotting.


Message History

You are too injured to fight recklessly!
You are too injured to fight recklessly!
You are too injured to fight recklessly!
You are too injured to fight recklessly!
You are too injured to fight recklessly!
You are too injured to fight recklessly!
You are too injured to fight recklessly!
You are too injured to fight recklessly!
You are too injured to fight recklessly!
You are too injured to fight recklessly!
You are too injured to fight recklessly!
You are too injured to fight recklessly!
You are too injured to fight recklessly!
A red film seems to cover your vision as you go berserk!
You feel yourself moving faster!
You feel mighty!
You are feeling hungry.
The goblin zaps a wand.
The bolt of acid hits you. You resist.
* * * LOW HITPOINT WARNING * * *
The acid corrodes you!
You are splashed with acid.
You resist.
You die...

#.........[.###
#######...#...###...#
#........###..# #.#.#
#.#####..÷#...###.#.#
#.# #..............
##.##########........#
#.....# ##...#####
##.##.# ##.## ####@#
#.# #g# .# #h# '# #o#
#o# .o. ... ...


You could see 3 orcs, a jackal and a goblin.

Vanquished Creatures
  Crazy Yiuf (D:2)
  An adder (D:2)
  An ooze (D:1)
  2 worms
  A dart slug (D:1)
  2 orcs (D:3)
  9 bats
  3 giant cockroaches
  6 goblins
  7 hobgoblins
  2 jackals (D:3)
  2 ball pythons
  3 frilled lizards
  5 kobolds
  7 rats
52 creatures vanquished.

Vanquished Creatures (others)
  A jackal (D:3)
1 creature vanquished.

Grand Total: 53 creatures vanquished

Notes
Turn   | Place    | Note
-------+----------+-------------------------------------------
     0 | D:1      | Fang the Gargoyle Berserker began the quest for the Orb.
     0 | D:1      | Reached XP level 1. HP: 14/14 MP: 1/1
    74 | D:1      | You fall into a shaft and drop 1 floor!
   158 | D:2      | Reached XP level 2. HP: 18/19 MP: 2/2
   406 | D:2      | Reached XP level 3. HP: 3/24 MP: 3/3
   852 | D:2      | Found a runed translucent door.
   853 | D:2      | Noticed Crazy Yiuf
  1061 | D:2      | Killed Crazy Yiuf
  1061 | D:2      | Reached XP level 4. HP: 29/29 MP: 4/4
  1463 | D:1      | Reached skill level 4 in Fighting
  1686 | D:1      | Reached ** piety under Trog
  2725 | D:3      | Splashed by a goblin's acid

Levels and vault maps discovered:
D:1:      minmay_arrival_wavy_path, layout_basic, corexii_hall_statues_l,
          hangedman_decor_push
D:2:      minmay_wonky_spiral, layout_loops_ring, uniq_crazy_yiuf_cottage
D:3:      layout_loops_corners

Skill      XL: |  1  2  3  4 |
---------------+-------------+-----
Axes           | 3 |  3.3
Dodging        | 2 |  2.3
Armour         | 3 |  3.3
Fighting       | 4 |  4.1

Action                   |  1- 3 |  4- 6 || total
-------------------------+-------+-------++-------
Melee: Hand axe          |    90 |   111 ||   201
Invok: Berserk           |     1 |     1 ||     2
 Stab: Sleeping          |     1 |       ||     1
  Eat: Chunk             |       |     7 ||     7
Armor: Animal skin       |    33 |    43 ||    76
Dodge: Dodged            |    56 |    77 ||   133
